 Dungeon Crawl Stone Soup version 0.30-a0-422-g946f4849ff (webtiles) character file.

Game seed: 9432327176072837718

381 wvc the Firebug (level 6, -1/32 HPs)
             Began as a Gargoyle Fire Elementalist on Dec 8, 2022.
             Slain by an orc warrior
             ... wielding a +0 mace
              (8 damage)
             ... on level 3 of the Dungeon.
             The game lasted 00:13:53 (3575 turns).

wvc the Firebug (Gargoyle Fire Elementalist)        Turns: 3575, Time: 00:13:54

Health: -1/32      AC:  7    Str: 11    XL:     6   Next: 75%
Magic:  11/11      EV: 11    Int: 18    God:
Gold:   134        SH:  0    Dex: 10    Spells: 11/12 levels left

rFire   . . .      SeeInvis .    c - +0 dagger (venom)
rCold   . . .      Faith    .    (no shield)
rNeg    + . .      Spirit   .    f - +0 leather armour {Will+}
rPois   ∞          Reflect  .    (no helmet)
rElec   +          Harm     .    (no cloak)
rCorr   .          Rampage  .    (no gloves)
Will    +....                    (no boots)
Stlth   ++........               (no amulet)
HPRegen 0.25/turn                (no ring)
MPRegen 0.12/turn                (no ring)

@: no status effects
A: sickness immunity, AC +4, negative energy resistance 1, electricity
resistance, torment resistance 1, petrification resistance
a: no special abilities


You were on level 3 of the Dungeon.
You visited 1 branch of the dungeon, and saw 4 of its levels.

You collected 134 gold pieces.

Inventory:

Hand Weapons
 c - a +0 dagger of venom (weapon)
 j - a +2 dagger of electrocution
 l - the +7 sling of Zydwuv {drain, Int+6}
   (You found it on level 2 of the Dungeon)

   A truly terrible weapon, it drains the life of any living foe it strikes.
   Int:       It affects your intelligence (+6).
Missiles
 h - 4 poisoned darts
Armour
 f - a +0 leather armour of willpower (worn)
 k - a +0 helmet
 q - a +0 buckler
Magical Staves
 d - a staff of poison
 i - a staff of fire
Scrolls
 e - 2 scrolls of butterflies
 p - a scroll of blinking
Potions
 a - 4 potions of mutation
 b - 2 potions of magic
 m - 2 potions of curing {unknown}
 n - a potion of resistance {unknown}
 s - a potion of attraction {unknown}


   Skills:
 - Level 1.5 Dodging
 - Level 2.1 Stealth
 * Level 3.7 Spellcasting
 + Level 2.0 Conjurations
 * Level 6.2 Fire Magic


You had 11 spell levels left.
You knew the following spells:

 Your Spells              Type           Power      Damage    Failure   Level
a - Foxfire               Conj/Fire      72%        2x1d7     3%          1

Your spell library contained the following spells:

 Spells                   Type           Power      Damage    Failure   Level
 Scorch                   Fire           50%        2d8       2%          2
 Inner Flame              Hex/Fire       14%        N/A       17%         3
 Kindle Blastsparks       Fire/Tloc/Air  20%        2d11      26%         3
 Flame Wave               Conj/Fire      18%        2d7       36%         4
 Summon Ice Beast         Ice/Summ       3%         N/A       89%         4
 Summon Mana Viper        Hex/Summ       3%         N/A       99%         5
 Monstrous Menagerie      Summ           1%         N/A       100%        7


Dungeon Overview and Level Annotations

Branches:
Dungeon (4/15)             Temple (0/1) D:4

Altars:
Nemelex Xobeh

Shops:
D:3 [


Innate Abilities, Weirdness & Mutations

You are immune to sickness and miasma.
Your stone body is resilient. (AC +4)
You are immune to poison.
You resist negative energy. (rN+)
You are resistant to electric shocks. (rElec)
You are resistant to unholy torment.
You are immune to petrification.


Message History

The orc is heavily wounded.
The orc closely misses you.
You shoot a sling bullet. The sling bullet hits the orc.
You kill the orc!
The orc warrior closely misses you.
You see here a +0 club.
The orc attacks as you move away! The orc misses you.
The orc warrior attacks as you move away!
The orc warrior hits you with a +0 mace!
The orc warrior attacks as you move away!
The orc warrior closely misses you.
The orc warrior attacks as you move away!
The orc warrior closely misses you.
The orc warrior attacks as you move away!
The orc warrior misses you.
The orc warrior attacks as you move away!
The orc warrior misses you.
The orc warrior attacks as you move away!
The orc warrior barely misses you.
The orc warrior attacks as you move away!
The orc warrior hits you with a +0 mace.
There is a stone staircase leading up here.
You climb upwards.
There is a stone staircase leading down here.
Your +0 dagger of venom begins to drip with poison!
c - a +0 dagger of venom (weapon)
You hit the orc warrior but do no damage.
The orc warrior is poisoned.
The orc warrior hits you with a +0 mace.
You barely miss the orc warrior.
The orc warrior is lightly wounded.
The orc warrior closely misses you.
You hit the orc warrior.
The orc warrior looks as sick as possible!
The orc warrior is lightly wounded.
The orc warrior hits you with a +0 mace!
* * * LOW HITPOINT WARNING * * *
The orc warrior attacks as you move away!
The orc warrior hits you with a +0 mace!
You die...

###############
#.............#
##.###########.#
####...##########.####
##.....................
#..#..@o.#.....#...###.
#..#.....#.#..###..###.
##..##...##.#.## ##.....
#...#######....###..##..
#...# #.#.......##..
#...# #...###....#..
#...#######).## ##......
#............# #......
#..####......## ##...##.


You could see an orc warrior (extremely poisoned).

Vanquished Creatures
  A black bear (D:4)
  Jessica (D:1)
  An orc wizard (D:3)
  Robin (D:2)
  3 gnolls
  8 adders
  12 orcs
  5 ball pythons
  7 endoplasms
  3 giant cockroaches
  18 goblins
  8 hobgoblins
  15 jackals
  6 quokkas
  8 bats
  2 frilled lizards
  6 kobolds
  11 rats
116 creatures vanquished.

Vanquished Creatures (others)
  77 foxfires
77 creatures vanquished.

Grand Total: 193 creatures vanquished

Notes
Turn   | Place    | Note
-------+----------+-------------------------------------------
     0 | D:1      | wvc the Gargoyle Fire Elementalist began the quest for the
                  | Orb.
     0 | D:1      | Reached XP level 1. HP: 10/10 MP: 3/3
   203 | D:1      | Reached XP level 2. HP: 15/15 MP: 5/5
   952 | D:1      | Reached skill level 4 in Fire Magic
   952 | D:1      | Reached XP level 3. HP: 19/19 MP: 1/6
   997 | D:2      | Noticed Jessica
  1048 | D:1      | Killed Jessica
  1049 | D:1      | Reached XP level 4. HP: 23/24 MP: 4/7
  1199 | D:2      | Noticed Robin
  1278 | D:2      | Killed Robin
  1279 | D:2      | Reached XP level 5. HP: 26/28 MP: 9/9
  1306 | D:2      | Identified the +7 sling of Zydwuv {drain, Int+6}
  1575 | D:2      | Reached skill level 5 in Fire Magic
  1636 | D:2      | Found a sparkling altar of Nemelex Xobeh.
  2281 | D:3      | Reached XP level 6. HP: 32/32 MP: 10/10
  2456 | D:3      | Found Galulocvod's Antique Armour Boutique.
  2871 | D:4      | Noticed an orc warrior
  3192 | D:4      | Noticed a black bear
  3198 | D:4      | Killed a black bear
  3199 | D:4      | Reached skill level 6 in Fire Magic
  3575 | D:3      | Slain by an orc warrior

Illustrated notes

Levels and vault maps discovered:
D:1:      lightli_arrival_isolated_outpost, layout_basic
D:2:      layout_basic, basic_altar, chequers_arboretum,
          kennysheep_generic_room_13, uniq_jessica, uniq_robin
D:3:      layout_loops_ring, serial_shops, shop
D:4:      layout_basic, minmay_temple_entry_overgrown, glass_columns_b,
          minivault_23

Skill      XL: |  1  2  3  4  5  6 |
---------------+-------------------+-----
Fire Magic     | 4 5 6 |  6.2
Spellcasting   | 3 |  3.7
Conjurations   | 2 |  2.0
Dodging        | |  1.5
Stealth        | |  2.1

Action                   |  1- 3 |  4- 6 || total
-------------------------+-------+-------++-------
Melee: Dagger            |    40 |    49 ||    89
       Staff             |    17 |    18 ||    35
       Punch             |     1 |     1 ||     2
 Fire: Sling             |       |   105 ||   105
Throw: Dart              |       |     6 ||     6
       Throwing net      |       |     1 ||     1
 Cast: Foxfire           |    21 |    31 ||    52
  Use: Scroll            |       |     8 ||     8
 Stab: Sleeping          |     6 |       ||     6
Armor: Robe              |     2 |       ||     2
       Leather armour    |    42 |    53 ||    95
Dodge: Dodged            |    77 |    84 ||   161

Table legend: (Time is in decaauts)
 A = Elapsed time spent in this place.
 B = Non-inter-level travel time spent in this place.
 C = Inter-level travel time spent in this place.
 D = Time resting spent in this place.
 E = Time spent auto-exploring this place.
 F = Levels seen in this place.
 G = Mean time per level.
                   A        B        C        D        E       F      G
               +--------+--------+--------+--------+--------+-----+--------+
         Total |   3637 |   3475 |    162 |    326 |   2162 |   4 |  909.2 |
       Dungeon |   3637 |   3475 |    162 |    326 |   2162 |   4 |  909.2 |
               +--------+--------+--------+--------+--------+-----+--------+

Top non-repeatable levels by time:
     D:1: 1156 daAuts
     D:3: 944 daAuts
     D:2: 835 daAuts
     D:4: 702 daAuts
